wizbiz, neutral female human Wizard ------- |%!%%.| ################ |..%%.| #------- # --------------- |..%%.| #|.....+###########..............| |..%%.| #|.....| # |.............| |..%..| ##......| ##..............| ----|-- ------ ##|.(...| |.............| # |...[.######------- --------------- # |....| # ## |..F.-### ----.-- ##f.@<.| |...>.| # ------ |......######### |.....| ------- wizbiz the Evoker Experience level: 1 Strength: 8 Dexterity: 14 Constitution: 15 Intelligence: 16 Wisdom: 12 Charisma: 10 Health: 0(12) Energy: 8(8) Def: 1 Gold: 45 Moves: 1114 Dungeon seed: lWs0MNy2Kkwa38bl Game ID: wizbiz_1527168465 Your Inventory: Coins $ - 45 gold pieces Weapons a - a blessed +1 quarterstaff (weapon in hands) Armor e - an uncursed +0 cloak of magic resistance (being worn) Comestibles p - 3 uncursed food rations Scrolls i - a blessed scroll of taming j - an uncursed scroll of magic mapping k - an uncursed scroll of destroy armor q - an uncursed scroll of blank paper t - an uncursed scroll of identify Spellbooks l - a blessed spellbook of force bolt m - an uncursed spellbook of remove curse Potions f - a blessed potion of confusion g - an uncursed potion of confusion h - an uncursed potion of object detection u - a potion of unholy water v - a potion of holy water Rings c - a blessed +1 ring of increase damage (on right hand) d - an uncursed ring of slow digestion (on left hand) Wands b - a wand of magic missile (0:6) Tools n - an uncursed blindfold o - a magic marker (0:34) E - an uncursed skeleton key Gems r - an uncursed worthless piece of red glass y - an uncursed worthless piece of black glass Spells and supernatural/magical abilities: Name Level Category Fail Memory a - force bolt 1 attack 0% 95% r - remove curse 3 clerical 100% 95% W - pray for help -- divine ? -- Your skills at the end: Fighting Skills Weapon Skills quarterstaff [Basic] Spellcasting Skills attack spells [Basic] enchantment spells [Basic] Final Attributes: You were nominally aligned. You were magic-protected. You had a +1 damage bonus. You had slower digestion. You are dead. Vanquished creatures: 4 jackals 4 grid bugs 2 lichens 2 newts 12 creatures vanquished. Voluntary challenges: You were an atheist. You used a wielded weapon 9 times, starting on turn 74. You were illiterate. You never genocided any monsters. You never polymorphed an object. You never changed form. You used no wishes. You never split a pudding. You never wrote Elbereth's name. You never violated your personal moral code. Dungeon overview: The Dungeons of Doom: levels 1 to 4 Level 1 a long staircase Level 2 a scroll shop stairs to The Gnomish Mines Level 3 <- You were here a delicatessen Level 4 The Gnomish Mines: Level 3 stairs to The Dungeons of Doom History has recorded: On T:1 you entered the Dungeons of Doom to retrieve the Amulet of Yendor! On T:399 you reached level 2 of The Dungeons of Doom. On T:562 you reached level 1 of The Gnomish Mines. On T:906 you reached level 3 of The Dungeons of Doom. On T:1094 you reached level 4 of The Dungeons of Doom. Score breakdown: Gold: 45 ( 5656 points) Experience: 1 level ( 0 points) Exploration: 4 levels ( 7.84%) ( 7348 points) Discoveries: 1 item ( 0.35%) ( 1767 points) Valuables value: (no points given unless you survive) Artifact value: 0 ( 0 points) Variety of kills: 4 monsters ( 1.05%) ( 3073 points) Turncount: 1114 turns ( 0 points) Survival: died (score multiplied by 80%) Total score: 14275 Latest messages: v - a clear potion (unpaid, 133 zorkmids). You see here a brilliant blue potion (66 zorkmids). The kitten picks up a food ration. The kitten eats a tripe ration. "For you, good lady; only 66 for this brilliant blue potion." w - a brilliant blue potion (unpaid, 66 zorkmids). You drop a potion called juice or booze (unpaid, 66 zorkmids). The kitten eats an egg. You bought a clear potion for 133 gold pieces. (2x) "Thank you for shopping in Bojolali's delicatessen!" The kitten drops a food ration. You see here a food ration (60 zorkmids). The kitten picks up a food ration. The kitten drops a food ration. Nowhere else around here can be automatically explored. You hit the brown mold. You are suddenly very cold! You miss the brown mold. You are suddenly very cold! You die... Final status: Goodbye wizbiz the Wizard, killed by a brown mold... You died in The Dungeons of Doom on dungeon level 3 with 14275 points, and 45 pieces of gold, after 1114 moves. You were level 1 with a maximum of 12 hit points when you died.